 Dungeon Crawl Stone Soup version 0.26-a0-667-g92642533e4 (webtiles) character file.

Game seed: 5142584744072437849

53 grandjackal the Firebug (level 3, -1/29 HPs)
             Began as a Hill Orc Fire Elementalist on Oct 17, 2020.
             Slain by an adder (3 damage)
             ... on level 2 of the Dungeon.
             The game lasted 00:02:55 (1399 turns).

grandjackal the Firebug (HOFE)                      Turns: 1399, Time: 00:02:56

Health: -1/29      AC:  2    Str:  8 (10) XL:     3   Next: 87%
Magic:  2/6        EV: 12    Int: 13 (16) God:
Gold:   57         SH:  0    Dex: 14 (17) Spells: 2/6 levels left

rFire    . . .     SeeInvis .   e - +0 dagger
rCold    . . .     Faith    .   (no shield)
rNeg     . . .     Spirit   .   a - +0 robe
rPois    .         Reflect  .   (no helmet)
rElec    .         Harm     .   d - scarf {+Inv}
rCorr    .         Rampage  .   (no gloves)
MR       .....                  (no boots)
Stlth    ++........             (no amulet)
HPRegen  0.09/turn              f - +6 ring of dexterity
MPRegen  0.10/turn              (no ring)

@: lethally poisoned (-1 -> -12)
A: no striking features
a: Evoke Invisibility


You were on level 2 of the Dungeon.
You visited 1 branch of the dungeon, and saw 2 of its levels.

You collected 57 gold pieces.

Inventory:

Hand Weapons
 e - a +0 dagger (weapon)
Armour
 a - a +0 robe (worn)
 b - a +0 scale mail
 c - a +0 chain mail
 d - a scarf of invisibility (worn)
Jewellery
 f - a +6 ring of dexterity (left hand)
Scrolls
 i - a scroll of enchant weapon {unknown}
Potions
 h - a potion of lignification {unknown}
 j - a potion of berserk rage {unknown}


   Skills:
 + Level 1.7 Fighting
 - Level 1.5 Dodging
 - Level 1.5 Stealth
 + Level 2.0 Spellcasting
 + Level 1.9 Conjurations
 + Level 3.8 Fire Magic


You had 2 spell levels left.
You knew the following spells:

 Your Spells              Type           Power        Failure   Level
a - Foxfire               Conj/Fire      #...         8%          1
b - Conjure Flame         Conj/Fire      #.......     24%         3

Your spell library contained the following spells:

 Spells                   Type           Power        Failure   Level
 Inner Flame              Hex/Fire       #.......     34%         3
 Sticky Flame             Conj/Fire      #.......     61%         4
 Fireball                 Conj/Fire      #.........   91%         5


Dungeon Overview and Level Annotations

Branches:
Dungeon (2/15)

Altars:


Message History

Confirm with . or Enter, or press ? or * to list all spells.
You conjure some foxfire!
You feel sick. The adder bites you.
* * * LOW HITPOINT WARNING * * *
You are more poisoned.
The adder poisons you! The adder bites you.
* * * LOW HITPOINT WARNING * * *
* * * LOW HITPOINT WARNING * * *
You feel sick.
The foxfire hits the adder.
The adder is heavily wounded.
The foxfire hits the adder.
The adder is severely wounded.
The adder bites you.
* * * LOW HITPOINT WARNING * * *
Unknown command.
It was a potion of degeneration.
There was something very wrong with that liquid.
You feel weakened.
You feel dopey.
You feel clumsy.
* * * LOW HITPOINT WARNING * * *
You feel sick. The adder bites you.
You die...

#.# #.# #$# #.# #.# #
#.# #.# .# ..##
##.##.#
v#.############.....#
###.................
# ##†.#########†S#
##<..........@# #
##..#########.##
###..## #... .#.#.#
####.. #.##.# ...
####.# ## #.# ##.##
###...##### #.#


You could see an adder.

Vanquished Creatures
  3 adders (D:2)
  A worm (D:2)
  A leopard gecko (D:1)
  2 giant cockroaches (D:1)
  4 goblins
  4 hobgoblins
  2 bats (D:1)
  2 kobolds
  4 rats (D:1)
23 creatures vanquished.

Vanquished Creatures (others)
  58 foxfires
58 creatures vanquished.

Grand Total: 81 creatures vanquished

Notes
Turn   | Place    | Note
-------+----------+-------------------------------------------
     0 | D:1      | grandjackal the Hill Orc Fire Elementalist began the quest
                  | for the Orb.
     0 | D:1      | Reached XP level 1. HP: 14/14 MP: 3/3
   220 | D:1      | Reached XP level 2. HP: 15/22 MP: 2/4
   540 | D:1      | Reached skill level 1 in Fighting
   973 | D:2      | Reached XP level 3. HP: 17/28 MP: 0/5
  1095 | D:2      | Learned a level 3 spell: Conjure Flame
  1399 | D:2      | Slain by an adder

Illustrated notes

Levels and vault maps discovered:
D:1:      heliophobic_arrival_dark_side_of_the_moon, layout_basic
D:2:      layout_loops_ring, chequers_serial_rivers_room_b

Skill      XL: |  1  2  3 |
---------------+----------+-----
Fighting       | 1 |  1.7
Spellcasting   | 2 |  2.0
Dodging        | |  1.5
Stealth        | |  1.5
Conjurations   | |  1.9
Fire Magic     | |  3.8

Action                   || total
-------------------------++-------
Melee: Unarmed           ||    15
       Dagger            ||     9
 Cast: Foxfire           ||    34
  Use: Potion            ||     1
Armor: Robe              ||     5
Dodge: Dodged            ||    35

Table legend: (Time is in decaauts)
 A = Elapsed time spent in this place.
 B = Non-inter-level travel time spent in this place.
 C = Inter-level travel time spent in this place.
 D = Time resting spent in this place.
 E = Time spent auto-exploring this place.
 F = Levels seen in this place.
 G = Mean time per level.
                   A        B        C        D        E       F      G
               +--------+--------+--------+--------+--------+-----+--------+
         Total |   1397 |   1367 |     30 |    286 |    827 |   2 |  698.5 |
       Dungeon |   1397 |   1367 |     30 |    286 |    827 |   2 |  698.5 |
               +--------+--------+--------+--------+--------+-----+--------+

Top non-repeatable levels by time:
     D:1: 932 daAuts
     D:2: 465 daAuts
